 Dungeon Crawl Stone Soup version 0.30.0-29-ga12c61a403 (webtiles) character file.

Game seed: 9564211491247023133

19 Fodor the Covered (level 2, 0/27 HPs)
             Began as a Minotaur Fighter on June 8, 2023.
             Was a Follower of the Shining One.
             Slain by an adder (2 damage)
             ... on level 2 of the Dungeon.
             The game lasted 00:05:27 (1014 turns).

Fodor the Covered (Minotaur Fighter)                Turns: 1014, Time: 00:05:27

Health: 0/27       AC:  7    Str: 20    XL:     2   Next: 55%
Magic:  1/1        EV:  9    Int:  5    God:    the Shining One [*.....]
Gold:   32         SH:  4    Dex:  9    Spells: 1/1 levels left

rFire   . . .        a - +0 long sword
rCold   . . .        c - +0 buckler
rNeg    . . .        b - +0 scale mail
rPois   .            (helmet restricted)
rElec   .            (no cloak)
rCorr   .            (no gloves)
SInv    .            (no boots)
Will    .....        (no amulet) Stlth
                     (no ring)
HPRegen 0.24/turn    (no ring)
MPRegen 0.07/turn

%: no passive effects
@: brilliant, flying, glowing
A: horns 2, retaliatory headbutt
a: Renounce Religion, Divine Shield


You were on level 2 of the Dungeon.
You worshipped the Shining One.
The Shining One was aware of your devotion.
You visited 1 branch of the dungeon, and saw 2 of its levels.

You collected 32 gold pieces.

Inventory:

Hand Weapons
 a - a +0 long sword (weapon)
Missiles
 h - 4 boomerangs (quivered)
 j - 6 stones
Armour
 b - a +0 scale mail (worn)
 c - a +0 buckler (worn)
Scrolls
 g - 2 scrolls of identify {unknown}
Potions
 d - a potion of might
 f - a potion of mutation {unknown}
 i - a potion of brilliance


   Skills:
 + Level 4.0 Fighting
 + Level 2.5 Long Blades
 + Level 4.0 Armour
 + Level 4.0 Shields


You had one spell level left.
You didn't know any spells.
Your spell library contained the following spells:

 Spells                   Type           Power      Damage    Failure   Level
 Ignite Poison            Fire/Tmut/Pois 0%         N/A       99%         3
 Sticky Flame             Conj/Fire      0%         2d3       100%        4
 Ignition                 Fire           0%         3d3       100%        8


Dungeon Overview and Level Annotations

Branches:
Dungeon (2/15)

Altars:
The Shining One


Innate Abilities, Weirdness & Mutations

You have a pair of horns on your head.
You reflexively headbutt those who attack you in melee.


Message History

You feel sick. The adder bites you.
You are more poisoned.
The adder poisons you!
The giant cockroach bites you but does no damage.
You block the quokka's attack. The adder bites you but does no damage.
The giant cockroach bites you. You block the quokka's attack.
You hit the quokka but do no damage.
You feel very sick. The adder bites you but does no damage.
The quokka misses you. The giant cockroach misses you. You furiously retaliate!
You headbutt the giant cockroach!
You kill the giant cockroach!
The adder bites you but does no damage.
You barely miss the quokka.
You headbutt the quokka, but do no damage.
You feel sick. The quokka bites you. The adder bites you but does no damage.
The quokka bites you.
You hit the quokka but do no damage.
You feel sick. You block the adder's attack.
The quokka bites you but does no damage.
The adder bites you.
* * * LOW HITPOINT WARNING * * *
You hit the quokka but do no damage.
You feel sick. You block the quokka's attack.
The adder bites you but does no damage. You block the quokka's attack.
You block the adder's attack.
You barely miss the quokka. Your headbutt misses the quokka.
You feel sick. The quokka barely misses you. The adder bites you.
* * * LOW HITPOINT WARNING * * *
The quokka bites you but does no damage.
It was a potion of brilliance.
You feel clever all of a sudden.
You feel sick.
You are no longer poisoned.
The adder bites you but does no damage.
The quokka bites you but does no damage.
The adder bites you but does no damage.
It was a potion of flight.
You feel very buoyant.
You fly up into the air.
The adder bites you.
You die...

..##.#.#..
.........
........#
........#
#.......#
+.......#
########........
#....S@r.#
#....†.#.#
#......#.#
#......#.#
######?#<# #.###
#.. ##.


You could see an adder and a quokka.

Vanquished Creatures
  An endoplasm (D:1)
  A giant cockroach (D:2)
  2 goblins (D:1)
  3 hobgoblins (D:1)
  2 jackals (D:1)
  2 quokkas (D:1)
  3 bats (D:1)
  A frilled lizard (D:1)
  2 rats (D:1)
17 creatures vanquished.

Notes
Turn   | Place    | Note
-------+----------+-------------------------------------------
     0 | D:1      | Fodor the Minotaur Fighter began the quest for the Orb.
     0 | D:1      | Reached XP level 1. HP: 19/19 MP: 0/0
   228 | D:1      | Reached XP level 2. HP: 27/27 MP: 1/1
   564 | D:1      | Found a faded altar of an unknown god.
   570 | D:1      | Prayed at the altar of an unknown god.
   570 | D:1      | Became a worshipper of the Shining One
   570 | D:1      | Reached * piety under the Shining One
  1013 | D:2      | HP: 1/27 [poisoned by an adder]
  1014 | D:2      | Slain by an adder

Illustrated notes

Levels and vault maps discovered:
D:1:      ebering_hopf_link, layout_loops_corners,
          chequers_ecumenical_altar_lobes, ebering_dispersal_statue_hall,
          st_stairs_12
D:2:      layout_basic, uniq_natasha

Skill      XL: |  1  2 |
---------------+-------+-----
Armour         | 4 |  4.0
Fighting       | 4 |  4.0
Shields        | 4 |  4.0
Long Blades    | |  2.5

Action                     || total
---------------------------++-------
  Melee: Long sword        ||    36
         Headbutt          ||     5
    Use: Potion            ||     2
 Armour: Scale mail        ||    26
  Dodge: Dodged            ||    17
  Block: Buckler           ||    11
